 Dungeon Crawl Stone Soup version 0.26.1-10-gdfb7c7de75 (webtiles) character file.

Game seed: 10827450782482147625

258 Revguard the Slasher (level 6, -1/70 HPs)
             Began as a Barachi Gladiator on Apr 2, 2021.
             Slain by an orc
             ... wielding a +2 flail of venom
              (3 damage)
             ... on level 4 of the Dungeon.
             The game lasted 00:08:39 (2998 turns).

Revguard the Slasher (Barachi Gladiator)            Turns: 2998, Time: 00:08:40

Health: -1/70      AC: 10    Str: 16    XL:     6   Next: 16%
Magic:  9/9        EV: 12    Int: 10    God:
Gold:   114        SH:  0    Dex: 13    Spells: 9/9 levels left

rFire    . . .     SeeInvis .   a - +0 long sword
rCold    . . .     Faith    .   (no shield)
rNeg     . . .     Spirit   .   e - +0 ring mail
rPois    .         Reflect  .   c - +0 helmet
rElec    .         Harm     .   (no cloak)
rCorr    .         Rampage  .   (no gloves)
Will     .....                  (no boots)
Stlth    ..........             (no amulet)
HPRegen  0.21/turn              j - +4 ring of protection (curse)
MPRegen  0.11/turn              (no ring)

@: berserking, lethally poisoned (-1 -> -14), slowed, slow
A: +LOS, swims, slowness 1, strong legs 1
a: Hop


You were on level 4 of the Dungeon.
You visited 1 branch of the dungeon, and saw 4 of its levels.

You collected 114 gold pieces.

Inventory:

Hand Weapons
 a - a +0 long sword (weapon)
Missiles
 d - a throwing net (quivered)
Armour
 b - a +0 leather armour
 c - a +0 helmet (worn)
 e - a +0 ring mail (worn)
Jewellery
 j - a cursed +4 ring of protection (left hand)
Wands
 t - a wand of polymorph (8)
Scrolls
 g - 2 scrolls of remove curse
 h - 2 scrolls of enchant weapon {unknown}
 m - a scroll of immolation
 n - a scroll of fear {unknown}
 o - a scroll of teleportation {unknown}
 s - a scroll of noise {unknown}
 u - a scroll of fog {unknown}
Potions
 i - a potion of might
 k - a potion of heal wounds
 l - 2 potions of curing
 p - 3 potions of haste
 q - a potion of attraction {unknown}
 r - 2 potions of degeneration {unknown}


   Skills:
 + Level 3.3 Fighting
 + Level 5.4 Long Blades
 - Level 2.0 Throwing
 * Level 3.1 Armour
 + Level 4.1 Dodging
 * Level 2.2 Spellcasting


You had 9 spell levels left.
You didn't know any spells.
Your spell library was empty.

Dungeon Overview and Level Annotations

Branches:
Dungeon (4/15)
 Temple: D:4-7

Altars:
Hepliaklqana
Kikubaaqudgha
Okawaru
Trog
Vehumet


Innate Abilities, Weirdness & Mutations

You can be seen from farther away. (+LOS)
You can swim through water.
You cover ground slowly.
You can hop short distances.


Message History

The orc wizard hits you but does no damage.
You barely miss the orc priest.
The orc priest is severely wounded.
You feel sick.
The orc priest invokes the aid of Beogh against you.
Beogh smites you!
* * * LOW HITPOINT WARNING * * *
The orc barely misses you. The orc hits you but does no damage.
You are more poisoned.
The orc wizard hits you with a +0 dagger.
* * * LOW HITPOINT WARNING * * *
You are too berserk!
You barely miss the orc priest.
The orc priest is severely wounded.
* * * LOW HITPOINT WARNING * * *
You feel sick.
The orc priest hits you but does no damage.
The orc hits you but does no damage.
The orc hits you with a +2 flail of venom.
You die...

#......
#...#.#
#......
#.....#
#.....#
#.....#
#(....###
#...oo..#
#...#@o.#
#...+o.......#
#...#........#
#...#........#
#...#....##$##
#...####.# ..
#... .. . #...
$## .


You could see an orc priest, an orc wizard and 2 orcs.

Vanquished Creatures
  An orc priest (D:2)
  2 orc wizards
  Terence (D:3)
  6 adders
  2 oozes
  4 worms
  2 dart slugs (D:1)
  2 leopard geckos
  4 orcs
  2 giant cockroaches (D:2)
  11 goblins
  10 hobgoblins
  2 jackals (D:2)
  9 kobolds
  A ball python (D:2)
  4 bats
  4 frilled lizards
  7 rats
74 creatures vanquished.

Notes
Turn   | Place    | Note
-------+----------+-------------------------------------------
     0 | D:1      | Revguard the Barachi Gladiator began the quest for the Orb.
     0 | D:1      | Reached XP level 1. HP: 17/17 MP: 1/1
   144 | D:1      | Reached XP level 2. HP: 23/23 MP: 2/2
   245 | D:1      | Reached skill level 1 in Spellcasting
   254 | D:1      | Reached skill level 1 in Armour
   343 | D:1      | Reached skill level 4 in Long Blades
   444 | D:1      | Reached XP level 3. HP: 10/28 MP: 4/4
   688 | D:1      | You fall into a shaft and drop 1 floor!
   700 | D:2      | Reached XP level 4. HP: 22/34 MP: 4/6
   942 | D:2      | Reached XP level 5. HP: 36/41 MP: 7/7
  1017 | D:2      | Found an ancient bone altar of Kikubaaqudgha.
  1513 | D:2      | Reached skill level 5 in Long Blades
  2071 | D:3      | Noticed Terence
  2089 | D:3      | Killed Terence
  2177 | D:3      | Reached XP level 6. HP: 47/47 MP: 9/9
  2244 | D:3      | Found a radiant altar of Vehumet.
  2364 | D:3      | Found a bloodstained altar of Trog.
  2364 | D:3      | Found a hazy altar of Hepliaklqana.
  2590 | D:3      | Found an iron altar of Okawaru.
  2997 | D:4      | HP: 3/70 [orc wizard/+0 dagger (1)]
  2998 | D:4      | Slain by an orc

Illustrated notes

Levels and vault maps discovered:
D:1:      tarquinn_simple_flora_water_c, layout_basic, hex_large,
          hangedman_feature_mirror
D:2:      layout_rooms, nicolae_overflow_crystal_walls
D:3:      layout_loops_ring, fiery_altar_vehumet, lemuel_coloured_pillars_altar,
          gammafunk_temple_overflow_wave, uniq_terence
D:4:      layout_basic, ebering_ghost_disaster_area, uniq_ijyb

Skill      XL: |  1  2  3  4  5  6 |
---------------+-------------------+-----
Spellcasting   | 1 2 |  2.2
Armour         | 1 2 3 |  3.1
Long Blades    | 4 5 |  5.4
Fighting       | 3 |  3.3
Dodging        | 4 |  4.1
Throwing       | |  2.0

Action                   |  1- 3 |  4- 6 || total
-------------------------+-------+-------++-------
Melee: Long sword        |    56 |   168 ||   224
Throw: Throwing net      |       |     2 ||     2
 Abil: Hop               |       |     1 ||     1
  Use: Potion            |     1 |     4 ||     5
       Scroll            |       |     7 ||     7
 Stab: Held in net/web   |       |     1 ||     1
Armor: Ring mail         |    25 |    81 ||   106
Dodge: Dodged            |    43 |   141 ||   184
       Rpst.: Long sword |    17 |    56 ||    73
